AoeStats
← Rommel

Arabia

504538629Analyzed
2v2 RM · 26d ago on Sep 5, 2026· 48m 24s· 4 players
Game mode
Random Map
Map size
Medium (4 player)
Population
200
Speed
Normal
Resources
Standard
Victory
Conquest
Starting age
Dark Age
Ending age
Imperial Age
RankedLock teamsTeams togetherTeam positionsShared explorationLock speedFull tech treeHidden civsTurbo modeCheats
Victory
Defeat
🇨🇱 Byzantines · Chile
1212
+16
🇨🇱 Magyars · Chile
1193
+17
🇩🇪 Mongols · Germany
1398
-23
🇷🇺 Burgundians · Russia
1039
-10
Tiburón Boliviano
6:07 Loom
9:06 Feudal Age
10:13 Horse Collar
10:26 Double-Bit Axe
19:06 Castle Age
18:43 Bloodlines
19:00 Scale Barding Armor
27:15 Chain Barding Armor
29:31 Bow Saw
32:29 Husbandry
35:04 Wheelbarrow
35:18 Heavy Plow
35:25 Pikeman
41:34 Imperial Age
40:50 Scale Mail Armor
40:58 Gold Mining
42:39 Cavalier
43:56 Plate Barding Armor
44:47 Hand Cart
45:05 Corvinian Army
45:33 Halberdier
48:54 Chain Mail Armor
Rommel
6:59 Loom
9:43 Feudal Age
10:21 Double-Bit Axe
16:09 Fletching
16:26 Horse Collar
22:14 Castle Age
20:40 Padded Archer Armor
20:37 Gold Mining
22:27 Crossbowman
23:03 Bodkin Arrow
23:18 Bow Saw
24:08 Wheelbarrow
24:58 Leather Archer Armor
25:12 Scale Mail Armor
25:14 Squires
24:43 Pikeman
26:02 Gold Shaft Mining
28:24 Arson
28:52 Forging
29:49 Chain Mail Armor
29:58 Hand Cart
32:21 Iron Casting
33:41 Ballistics
33:55 Thumb Ring
35:09 Elite Skirmisher
39:12 Imperial Age
37:12 Treadmill Crane
43:14 Heavy Plow
43:51 Bracer
44:23 Conscription
46:14 Chemistry
46:02 Theocracy
46:20 Crop Rotation
45:28 Arbalester
48:00 Stone Mining
47:50 Halberdier
49:02 Plate Mail Armor
49:03 Ring Archer Armor
Maestro
3:28 Loom
8:52 Feudal Age
7:10 Loom
11:28 Double-Bit Axe
12:47 Horse Collar
20:34 Fletching
24:10 Castle Age
23:13 Padded Archer Armor
23:08 Gold Mining
25:22 Bodkin Arrow
27:42 Thumb Ring
31:24 Leather Archer Armor
32:00 Ballistics
35:02 Bow Saw
35:55 Bloodlines
36:17 Husbandry
41:28 Imperial Age
40:44 Nomads
41:07 Scale Barding Armor
41:41 Elite Mangudai
45:00 Bracer
46:04 Chemistry
45:59 Light Cavalry
47:57 Chain Barding Armor
777
3:49 Double-Bit Axe
12:05 Feudal Age
12:12 Loom
14:57 Horse Collar
15:54 Heavy Plow
17:44 Scale Barding Armor
19:26 Bow Saw
24:44 Castle Age
23:20 Scale Mail Armor
25:16 Forging
24:50 Cavalier
25:30 Husbandry
30:33 Gold Mining
36:35 Two-Man Saw
36:24 Chain Barding Armor
43:13 Iron Casting
48:28 Wheelbarrow
48:36 Ballistics
49:22 Gold Shaft Mining
Connection lost

Rejoining the realm…

Still unreachable

The connection could not be restored.

Session expired

The server has moved on; the page needs a fresh start.